 Dungeon Crawl Stone Soup version 0.21.0 (webtiles) character file.

16 Plasmagod the Insei (level 2, -5/21 HPs)
             Began as a Merfolk Transmuter on Jan 6, 2018.
             Slain by Terence
             ... wielding a +0 trident
              (6 damage)
             ... on level 2 of the Dungeon.
             The game lasted 00:02:53 (999 turns).

Plasmagod the Insei (Merfolk Transmuter)             Turns: 999, Time: 00:02:53

Health: -5/21      AC:  3    Str: 10    XL:     2   Next: 58%
Magic:  4/5        EV: 13    Int: 12    God:
Gold:   5          SH:  0    Dex: 14    Spells: 4/5 levels left

rFire    . . .     SeeInvis +     - Unarmed
rCold    . . .     Gourm    .   (no shield)
rNeg     . . .     Faith    .   b - +0 robe
rPois    .         Spirit   .   (no helmet)
rElec    .         Reflect  .   (no cloak)
rCorr    +         Harm     .   (no gloves)
MR       .....                  e - +0 pair of boots
Stlth    +.........             (no amulet)
HPRegen  0.07/turn              g - ring of resist corrosion
MPRegen  0.09/turn              h - ring of see invisible

@: appendage (expiring), very slightly contaminated
A: change form in water, swift swim, stealthy swim, horns 2
a: End Transformation


You were on level 2 of the Dungeon.
You were not hungry.
You had grown temporary horns.
You visited 1 branch of the dungeon, and saw 2 of its levels.

You collected 5 gold pieces.

Inventory:

Missiles
 a - 38 arrows
Armour
 b - a +0 robe (worn)
 e - a +0 pair of boots (worn)
Jewellery
 g - a ring of resist corrosion (left hand)
 h - a ring of see invisible (right hand)
Scrolls
 f - a scroll of magic mapping {unknown}
Potions
 i - a potion of flight {unknown}
Books
 c - a book of Changes

   Spells                             Type                      Level
   a - Beastly Appendage              Transmutation                1
   b - Sticks to Snakes               Transmutation                2
   c - Spider Form                    Transmutation/Poison         3
   d - Ice Form                       Ice/Transmutation            4
   e - Blade Hands                    Transmutation                5
Comestibles
 d - 2 rations
 j - 2 chunks of flesh


   Skills:
 + Level 1.4 Fighting
 + Level 2.8 Dodging
 + Level 0.2 Stealth
 + Level 3.8 Unarmed Combat
 + Level 2.0 Spellcasting
 + Level 3.0 Transmutations


You had 4 spell levels left.
You knew the following spells:

 Your Spells              Type           Power        Failure   Level  Hunger
a - Beastly Appendage     Tmut           #.....       8%          1    ##.....


Dungeon Overview and Level Annotations

Branches:
Dungeon (2/15)

Altars:
Gozag

Shops:
D:2 *

Annotations:
D:2 Terence


Innate Abilities, Weirdness & Mutations

You revert to your normal form in water.
You are very nimble and swift while swimming.
You are very stealthy in the water. (Stealth+)
You have a pair of horns on your head.


Message History

Terence hits you with a trident.
* * * LOW HITPOINT WARNING * * *
You hit Terence.
Terence is severely wounded.
Terence misses you.
You closely miss Terence.
Terence is severely wounded.
Terence closely misses you.
You hit Terence.
Terence is almost dead.
You hit Terence but do no damage. Your headbutt misses Terence.
Terence is almost dead.
Terence barely misses you.
You hit Terence but do no damage.
Terence is almost dead.
Terence barely misses you.
You hit Terence. You headbutt Terence.
Terence is almost dead.
Terence hits you with a trident.
You die...

##############<# #.
................
#.############.########
..≈≈≈≈≈≈≈.....#
#≈.....≈≈≈≈..#
####≈.⌠.⌠....≈..#
....≈..∩..._....#
#≈.⌠.⌠....≈.##
#≈.@@..≈≈≈≈.#
#≈≈≈≈≈≈≈....#
#############


You could see Terence.

Vanquished Creatures
  A ball python (D:1)
  2 bats (D:1)
  A giant cockroach (D:1)
  A goblin (D:1)
  4 hobgoblins
  A frilled lizard (D:1)
  2 kobolds (D:1)
  3 rats (D:1)
15 creatures vanquished.

Notes
Turn   | Place    | Note
-------+----------+-------------------------------------------
     0 | D:1      | Plasmagod the Merfolk Transmuter began the quest for the Orb.
     0 | D:1      | Reached XP level 1. HP: 15/15 MP: 3/3
   446 | D:1      | Reached XP level 2. HP: 18/21 MP: 3/5
   968 | D:2      | Found an opulent altar of Gozag.
   971 | D:2      | Found Gozag's Platinum Reserve.
   975 | D:2      | Noticed Terence
   993 | D:2      | HP: 1/21 [Terence/trident (6)]
   999 | D:2      | Slain by Terence

Skill      XL: |  1  2 |
---------------+-------+-----
Transmutations | 3 |  3.0
Fighting       | |  1.4
Dodging        | |  2.8
Stealth        | |  0.2
Unarmed Combat | |  3.8
Spellcasting   | |  2.0

Action                   || total
-------------------------++-------
Melee: Unarmed           ||    81
       Headbutt          ||     5
 Cast: Beastly Appendage ||    13
 Stab: Sleeping          ||     1
  Eat: Chunk             ||     1
Armor: Robe              ||    20
Dodge: Dodged            ||    45
